 Dungeon Crawl Stone Soup version 0.28-a0-313-gbc0475efdd (webtiles) character file.

Game seed: 7257478405785328904

385 bearlyready the Chopper (level 7, -1/52 HPs)
             Began as a Formicid Cinder Acolyte on Aug 31, 2021.
             Was a High Priest of Ignis.
             Slain by a gnoll (3 damage)
             ... on level 3 of the Dungeon.
             The game lasted 00:08:47 (4791 turns).

bearlyready the Chopper (Formicid Cinder Acolyte)   Turns: 4791, Time: 00:08:47

Health: -1/52      AC:  3    Str: 21    XL:     7   Next: 6%
Magic:  7/8        EV: 11    Int: 13    God:    Ignis [*****.]
Gold:   220        SH:  0    Dex:  6    Spells: 7/8 levels left

rFire   + + .      SeeInvis +   a - -1 hand axe (flame)
rCold   x . .      Faith    +   (no shield)
rNeg    . . .      Spirit   .   c - +0 leather armour
rPois   .          Reflect  .   (helmet unavailable)
rElec   .          Harm     .   d - scarf {repulsion}
rCorr   .          Rampage  .   (no gloves)
Will    .....                   (no boots)
Stlth   +.........              e - amulet of faith
HPRegen 0.17/turn               i - ring of fire
MPRegen 0.11/turn               (no ring)

@: repel missiles
A: permanent stasis, dig shafts and tunnels, antennae 3, four strong arms
a: Dig, Shaft Self, Renounce Religion, Sea of Fire, Foxfire Swarm, Rising Flame


You were on level 3 of the Dungeon.
You worshipped Ignis.
Ignis was extremely pleased with you.
You visited 1 branch of the dungeon, and saw 4 of its levels.

You collected 220 gold pieces.

Inventory:

Hand Weapons
 a - a -1 hand axe of flaming (weapon)
Missiles
 g - 92 stones
 l - 40 sling bullets
 n - 3 datura-tipped darts
Armour
 b - a +0 robe
 c - a +0 leather armour (worn)
 d - a scarf of repulsion (worn)
 q - a +0 scale mail
Jewellery
 e - an amulet of faith (around neck)
 i - a ring of fire (left hand)
Wands
 t - a wand of iceblast (11)
Scrolls
 f - a scroll of amnesia {unknown}
 h - a scroll of torment {unknown}
 j - 4 scrolls of teleportation {unknown}
 k - 4 scrolls of enchant weapon {unknown}
 r - a scroll of identify {unknown}
 s - a scroll of blinking {unknown}
Potions
 m - a potion of heal wounds {unknown}
 o - a potion of degeneration {unknown}
 p - a potion of magic {unknown}


   Skills:
 - Level 3.2 Fighting
 + Level 6.6 Axes
 - Level 1.1 Spellcasting
 - Level 2.0 Conjurations
 - Level 2.0 Fire Magic


You had 7 spell levels left.
You knew the following spells:

 Your Spells              Type           Power      Damage    Failure   Level
a - Foxfire               Conj/Fire      32%        2x1d5     14%         1

Your spell library contained the following spells:

 Spells                   Type           Power      Damage    Failure   Level
 Magic Dart               Conj           20%        1d4       14%         1
 Call Imp                 Summ           0%         N/A       43%         2
 Mephitic Cloud           Conj/Pois/Air  2%         N/A       58%         3
 Fireball                 Conj/Fire      4%         3d4       98%         5
 Summon Cactus Giant      Summ           0%         N/A       100%        5


Dungeon Overview and Level Annotations

Branches:
Dungeon (4/15)
 Temple: D:4-7

Altars:
Dithmenos


Innate Abilities, Weirdness & Mutations

You cannot be hasted, slowed, berserked, paralysed or teleported.
You can dig through walls and to a lower floor.
You have a pair of large antennae on your head. (SInv)
Your four strong arms can wield two-handed weapons with a shield.


Message History

You slash the gnoll! You burn the gnoll.
You kill the gnoll!
You barely miss the gnoll. The gnoll hits you with a +0 whip.
You hit the gnoll. You burn the gnoll.
The gnoll is heavily wounded.
The gnoll hits you with a +0 whip.
You barely miss the gnoll.
The gnoll is heavily wounded.
The gnoll hits you but does no damage.
You hit the gnoll but do no damage.
The gnoll is heavily wounded.
The gnoll hits you with a +0 whip.
You closely miss the gnoll.
The gnoll is heavily wounded.
The gnoll hits you with a +0 whip.
* * * LOW HITPOINT WARNING * * *
You closely miss the gnoll.
The gnoll is heavily wounded.
The gnoll hits you with a +0 whip.
* * * LOW HITPOINT WARNING * * *
You completely miss the gnoll.
The gnoll is heavily wounded.
The gnoll hits you with a +0 whip.
* * * LOW HITPOINT WARNING * * *
Aiming: Iceblast
Press: ? - help, Shift-Dir - straight line, f - gnoll
Aim: a gnoll, wielding a +0 whip (heavily wounded)
Okay, then.
You see here a +0 short sword.
Casting: Foxfire (safe; 14% risk of failure)
Confirm with . or Enter, or press ? or * to list all spells.
You feel a surge of power!
You conjure some foxfire!
The gnoll hits you with a +0 whip.
* * * LOW HITPOINT WARNING * * *
The foxfire hits the gnoll.
The gnoll is severely wounded.
The foxfire hits the gnoll.
The gnoll is severely wounded.
The gnoll hits you with a +0 whip.
You die...

###..###.# ##.#..#.......
#..###...## #............
####...8..# #..♣......... #
#####........######...P♣P......
###.'...).......#................
#...##.8.....)..#######..........
..8..#...........##........###.##
.....##........8.##.####.####..#
......#........g@.#.# #.###..##
......##........#'#.# #.....## #
.......#..8...###.#.## ##.#..###.
.....8.##...###...##.####.......♣
........#.###...8..#......##..♣..
......#####........##.....#..♣♣♣.
8...###.#...........#......♣..♣..
..###...##.8........##....♣♣♣...♣
###...8..#...........#.....♣..♣..


You could see a gnoll.

Vanquished Creatures
  Grinder (D:3)
  A centaur zombie (D:3)
  Robin (D:3)
  3 gnolls
  2 adders (D:3)
  3 dart slugs (D:2)
  3 worms (D:2)
  6 orcs (D:3)
  2 endoplasms
  3 giant cockroaches
  10 hobgoblins
  A jackal (D:3)
  5 quokkas
  6 ball pythons
  4 bats
  3 frilled lizards (D:1)
  16 goblins
  6 kobolds
  12 rats
88 creatures vanquished.

Vanquished Creatures (others)
  48 foxfires
48 creatures vanquished.

Grand Total: 136 creatures vanquished

Notes
Turn   | Place    | Note
-------+----------+-------------------------------------------
     0 | D:1      | bearlyready the Formicid Cinder Acolyte began the quest for
                  | the Orb.
     0 | D:1      | Reached XP level 1. HP: 18/18 MP: 2/2
   129 | D:1      | Reached XP level 2. HP: 22/24 MP: 3/3
   535 | D:1      | Reached skill level 1 in Conjurations
   873 | D:1      | Reached XP level 3. HP: 29/29 MP: 1/4
  2128 | D:2      | Reached XP level 4. HP: 35/35 MP: 5/5
  2246 | D:2      | Found a faded altar of an unknown god.
  3207 | D:3      | Reached skill level 4 in Axes
  3441 | D:3      | Reached XP level 5. HP: 41/41 MP: 6/6
  3851 | D:3      | Noticed Grinder
  3868 | D:3      | Killed Grinder
  3869 | D:3      | Reached skill level 6 in Axes
  3869 | D:3      | Reached XP level 6. HP: 10/47 MP: 0/7
  4235 | D:3      | Found a shadowy altar of Dithmenos.
  4487 | D:3      | Noticed Robin
  4609 | D:3      | Killed Robin
  4610 | D:3      | Reached XP level 7. HP: 48/52 MP: 8/8
  4788 | D:3      | HP: 1/52 [gnoll (6)]
  4791 | D:3      | Slain by a gnoll

Illustrated notes

Levels and vault maps discovered:
D:1:      amcnicky_arrival_wind_blow, layout_basic
D:2:      layout_basic, dilly_ecumenical_altar_fadedgnrine, roderic_lattice_a,
          kennysheep_generic_room_3
D:3:      minmay_skewed_foursquare, layout_rooms, lemuel_round_altar,
          serial_park_tiny_2, kennysheep_doodads, uniq_grinder, uniq_robin
D:4:      layout_rooms, gammafunk_temple_overflow_wave, serial_park_tiny_pond,
          kennysheep_path_1, minmay_misc_feat_pillars

Skill      XL: |  1  2  3  4  5 |
---------------+----------------+-----
Conjurations   | 1 2 |  2.0
Fire Magic     | 2 |  2.0
Axes           | 4 6 |  6.6
Fighting       | |  3.2
Spellcasting   | |  1.1

Action                   |  1- 3 |  4- 6 |  7- 9 || total
-------------------------+-------+-------+-------++-------
Melee: Hand axe          |   115 |   146 |    21 ||   282
 Cast: Foxfire           |     3 |    13 |     1 ||    17
Invok: Foxfire Swarm     |       |     1 |       ||     1
 Abil: Dig               |       |     1 |       ||     1
Armor: Robe              |     7 |       |       ||     7
       Leather armour    |    24 |    39 |     1 ||    64
Dodge: Dodged            |    71 |    95 |     6 ||   172
       Repelled          |     1 |     1 |       ||     2

Table legend: (Time is in decaauts)
 A = Elapsed time spent in this place.
 B = Non-inter-level travel time spent in this place.
 C = Inter-level travel time spent in this place.
 D = Time resting spent in this place.
 E = Time spent auto-exploring this place.
 F = Levels seen in this place.
 G = Mean time per level.
                   A        B        C        D        E       F      G
               +--------+--------+--------+--------+--------+-----+--------+
         Total |   4820 |   4752 |     68 |     81 |   3861 |   4 | 1205.0 |
       Dungeon |   4820 |   4752 |     68 |     81 |   3861 |   4 | 1205.0 |
               +--------+--------+--------+--------+--------+-----+--------+

Top non-repeatable levels by time:
     D:3: 1925 daAuts
     D:2: 1612 daAuts
     D:1: 1202 daAuts
     D:4: 79 daAuts
